 Dungeon Crawl Stone Soup version 0.22.1-6-g1668fe2c40 (webtiles) character file.

45378 LabCoat the Severer (level 14, -9/111 HPs)
             Began as a Hill Orc Fighter on Jan 28, 2019.
             Was an Elder of Trog.
             Killed from afar by a lava snake (11 damage)
             ... with a glob of lava
             ... on level 6 of the Lair of Beasts.
             The game lasted 01:31:50 (20958 turns).

LabCoat the Severer (Hill Orc Fighter)             Turns: 20958, Time: 01:31:53

Health: -9/111     AC: 21    Str: 24    XL:     14   Next: 32%
Magic:  15/15      EV:  7    Int: 10    God:    Trog [****..]
Gold:   378        SH: 16    Dex: 11    Spells: 13/13 levels left

rFire    + . .     SeeInvis .   x - +5 whip of Growth {slash, rElec}
rCold    x . .     Gourm    .   c - +1 shield
rNeg     . . .     Faith    .   L - +0 plate armour
rPois    +         Spirit   .   y - +0 helmet of Keukhle {+Fly rElec rF+ rC- Int+2}
rElec    +         Reflect  +   o - +0 cloak
rCorr    .         Harm     .   P - +0 pair of gloves
MR       +....     Clarity  +   s - +0 pair of boots
Stlth    ..........             g - +2 amulet of reflection
HPRegen  0.28/turn              j - ring of poison resistance
MPRegen  0.14/turn              t - +3 ring of strength

@: about to teleport, berserk cooldown, slowed, very slow
A: blink, clarity, frail 1, weak 1
a: Blink, Berserk, Trog's Hand, Brothers in Arms, Renounce Religion, Evoke
Flight


You were on level 6 of the Lair of Beasts.
You worshipped Trog.
Trog was greatly pleased with you.
You were not hungry.

You visited 3 branches of the dungeon, and saw 17 of its levels.

You collected 997 gold pieces.
You spent 619 gold pieces at shops.

Inventory:

Hand Weapons
 a - a +1 war axe
 x - the +5 whip of Growth (weapon) {slash, rElec}
   (You found it on level 4 of the Dungeon)

   It inflicts extra damage upon your enemies.
   It insulates you from electricity.
 H - a +2 hunting sling of freezing
 S - the +9 hand crossbow "Geden" {elec, rElec}
   (You found it on level 5 of the Lair of Beasts)

   It charges the ammunition it shoots with electricity; occasionally upon a
   hit, such missiles may discharge and cause terrible harm.
   It insulates you from electricity.
Missiles
 k - 117 sling bullets
 E - 5 tomahawks (quivered)
 G - 3 javelins
 T - 6 tomahawks of dispersal
Armour
 c - a +1 shield (worn)
 o - a +0 cloak (worn)
 s - a +0 pair of boots (worn)
 y - the +0 helmet of Keukhle (worn) {+Fly rElec rF+ rC- Int+2}
   (You found it on level 8 of the Dungeon)

   It affects your intelligence (+2).
   It protects you from fire.
   It makes you vulnerable to cold.
   It insulates you from electricity.
   It lets you fly.
 K - +0 steam dragon scales
 L - a +0 plate armour (worn)
 P - a +0 pair of gloves (worn)
Jewellery
 g - a +2 amulet of reflection (around neck)
 j - a ring of poison resistance (left hand)
 m - an uncursed ring of see invisible
 n - an uncursed amulet of harm
 t - a +3 ring of strength (right hand)
 v - an uncursed amulet of guardian spirit
Wands
 b - a wand of paralysis (25)
 i - a wand of polymorph (15)
 u - a wand of enslavement (32)
 w - a wand of digging (38)
 I - a wand of acid (3)
 J - a wand of random effects (28)
 M - a wand of scattershot (5)
Scrolls
 h - 2 scrolls of magic mapping
 p - a scroll of enchant weapon
 z - 2 scrolls of fog
 B - a scroll of fear
 D - a scroll of teleportation
 R - 3 scrolls of remove curse
Potions
 d - a potion of might
 e - a potion of cancellation
 l - 2 potions of resistance
 A - 4 potions of flight
 C - 2 potions of magic
 F - a potion of haste
 N - a potion of degeneration {unknown}
 O - a potion of brilliance
 Q - a potion of agility
Miscellaneous
 q - a phial of floods
Comestibles
 f - 17 rations


   Skills:
 + Level 11.1 Fighting
 - Level 16.9(18.4) Axes
 * Level 11.2(14.2) Maces & Flails
 + Level 3.2 Throwing
 + Level 11.3 Armour
 + Level 12.2 Shields
 * Level 2.4 Evocations


You had 13 spell levels left.
You didn't know any spells.
Your spell library contained the following spells:

 Spells                   Type           Power        Failure   Level  Hunger
 Animate Skeleton         Necr           N/A          99%         1    ##.....
 Apportation              Tloc           #.....       99%         1    ##.....
 Confusing Touch          Hex            #.....       99%         1    ##.....
 Shock                    Conj/Air       #...         99%         1    ##.....
 Summon Butterflies       Summ           #.......     99%         1    ##.....
 Summon Small Mammal      Summ           #...         99%         1    ##.....
 Swiftness                Chrm/Air       #.......     100%        2    ###....
 Call Canine Familiar     Summ           #.......     100%        3    ####...
 Static Discharge         Conj/Air       #.......     100%        3    ####...
 Airstrike                Air            #.........   100%        4    #####..
 Summon Ice Beast         Ice/Summ       #.......     100%        4    #####..
 Bolt of Magma            Conj/Fire/Erth #.........   100%        5    ######.
 Iskenderun's Battlesphe  Conj/Chrm      #.......     100%        5    ######.
 Lightning Bolt           Conj/Air       #.........   100%        5    ######.
 Summon Mana Viper        Hex/Summ       #.......     100%        5    ######.
 Venom Bolt               Conj/Pois      #.........   100%        5    ######.
 Iron Shot                Conj/Erth      #.........   100%        6    #######
 Orb of Destruction       Conj           #.........   100%        7    #######
 Spellforged Servitor     Conj/Summ      #.........   100%        7    #######
 Summon Hydra             Summ           #.........   100%        7    #######


Dungeon Overview and Level Annotations

Branches:
Dungeon (10/15)            Temple (1/1) D:5            Lair (6/6) D:10
 Shoals (0/4) Lair:2       Spider (0/4) Lair:4        Slime (0/5) Lair:5
    Orc (0/2) D:9

Altars:
Ashenzari
Cheibriados
Dithmenos
Elyvilon
Fedhas
Gozag
Hepliaklqana
Kikubaaqudgha
Makhleb
Nemelex Xobeh
Okawaru
Qazlal
Ru
Sif Muna
Trog
Uskayaw
Vehumet
Wu Jian
Xom
Yredelemnul
Zin
The Shining One
Lugonu

Shops:
D:7 }   D:10 ![

Annotations:
D:5 2 runed doors, Pepega's ghost, amateur DsGl
D:9 1 transporter
Lair:1 2 runed doors, LabCoat's ghost, journeyman HOFi
Lair:2 3 runed doors, exclusion: 2 oklob plants, Dubanael's ghost, journeyman DEFE


Innate Abilities, Weirdness & Mutations

You can translocate small distances at will.
You possess an exceptional clarity of mind.
You are frail. (-10% HP)
You are weak. (Str -2)


Message History

You block the wyvern's attack. The death yak gores you!
* * * LOW HITPOINT WARNING * * *
The molten gargoyle barely misses you.
The wyvern bites you but does no damage.
The death yak gores you!
* * * LOW HITPOINT WARNING * * *
Okay, then.
Okay, then.
You blink.
You feel slightly more hungry.
A lava snake comes into view.
The lava snake hisses angrily.
Your ogre hits the death yak with a giant club!!
Okay, then.
As you read the scroll of teleportation, it crumbles to dust.
You feel strangely unstable.
Your ogre hits the death yak with a giant club!
A lava snake comes into view.
The lava snake spits lava at you. The glob of lava hits you!
You partially resist.
You die...

......#
.....##
≈....≈S .....#
≈§....≈ ##
.....# §§≈....
§# ## .....#
§§≈.... ≈ ≈≈≈
.....#
#≈S...#≈ ≈#≈≈
..!.<#
#≈≈....##...##
..)..##
#§..........#
......##
#≈...@.......
......P#
##...l9.....#
.......#
##.........#
.......#
#..Y......8
...÷...#
#....####.#
.......##
##§.## 8
........##
#.O#
.........#
##.##
.........##
#.#.#


You could see a death yak, a molten gargoyle, a wyvern, 2 lava snakes and a
friendly ogre (berserk).

Vanquished Creatures
  Gastronok (D:8)
  8 hydras
  4 death yaks (Lair:6)
  A fire crab (Lair:6)
  Pikel (D:8)
  6 black mambas
  17 elephants
  Maurice (D:8)
  Joseph (D:7)
  Psyche (D:9)
  A molten gargoyle (Lair:6)
  4 rime drakes
  9 spiny frogs
  5 komodo dragons
  A troll (D:9)
  A polar bear (Lair:5)
  A hornet (Lair:4)
  8 hippogriffs
  30 blink frogs
  3 wyverns
  28 yaks
  A basilisk (Lair:2)
  A steam dragon (D:7)
  Menkaure (D:7)
  4 water moccasins
  16 porcupines
  Duvessa (D:4)
  2 hell hounds (Lair:6)
  A black bear (D:10)
  2 sky beasts (D:9)
  2 slaves (D:8)
  4 orc warriors
  2 ice beasts
  2 phantoms
  5 wolves (Lair:3)
  2 ogres (D:9)
  8 crocodiles
  8 centaurs
  4 big kobolds
  A wyvern zombie (D:10)
  15 bullfrogs
  8 scorpions
  10 killer bees
  Dowan (D:4)
  5 howler monkeys
  An electric eel (Lair:2)
  2 jellies
  2 crimson imps
  2 bullfrog zombies
  A quasit (D:9)
  4 bullfrog skeletons
  2 hounds
  4 orc priests
  6 orc wizards
  An iguana (D:6)
  13 worker ants
  4 adders
  19 gnolls
  A shadow imp (D:5)
  An adder skeleton (D:5)
  6 worms
  3 dart slugs
  2 leopard geckos
  34 orcs
  10 bats
  8 giant cockroaches
  34 goblins
  20 hobgoblins
  7 jackals (D:2)
  21 kobolds
  7 quokkas
  A ball python (D:2)
  4 frilled lizards
  A jackal skeleton (D:7)
  2 leopard gecko skeletons (D:4)
  2 quokka skeletons
  5 rats
  4 fungi (D:10)
  2 plants (D:10)
474 creatures vanquished.

Vanquished Creatures (others)
  2 slaves (D:8)
  A centaur (Lair:2)
  14 fungi
  9 plants
26 creatures vanquished.

Grand Total: 500 creatures vanquished

Notes
Turn   | Place    | Note
-------+----------+-------------------------------------------
     0 | D:1      | LabCoat the Hill Orc Fighter began the quest for the Orb.
     0 | D:1      | Reached XP level 1. HP: 19/19 MP: 1/1
   118 | D:1      | Reached skill level 3 in Axes
   118 | D:1      | Reached XP level 2. HP: 27/27 MP: 2/2
   357 | D:1      | Reached XP level 3. HP: 32/33 MP: 3/3
   980 | D:2      | Reached skill level 4 in Axes
   997 | D:2      | Found a radiant altar of Vehumet.
  1093 | D:2      | Reached XP level 4. HP: 29/40 MP: 4/4
  1990 | D:3      | Reached skill level 5 in Axes
  1990 | D:3      | Reached XP level 5. HP: 17/47 MP: 5/5
  2490 | D:3      | Reached skill level 6 in Axes
  2634 | D:3      | Reached XP level 6. HP: 52/53 MP: 6/6
  2817 | D:3      | Reached skill level 7 in Axes
  2817 | D:3      | Reached XP level 7. HP: 13/60 MP: 7/7
  4008 | D:4      | Noticed Dowan
  4009 | D:4      | Noticed Duvessa
  4026 | D:4      | Killed Dowan
  4026 | D:4      | Reached skill level 8 in Axes
  4029 | D:4      | Killed Duvessa
  4029 | D:4      | Reached skill level 5 in Fighting
  4227 | D:4      | Reached skill level 9 in Axes
  4494 | D:4      | Reached XP level 8. HP: 68/68 MP: 8/8
  4696 | D:4      | Got a steaming whip
  4768 | D:5      | Entered Level 5 of the Dungeon
  4979 | D:5      | Reached skill level 10 in Axes
  5064 | D:5      | Found a snail-covered altar of Cheibriados.
  5160 | D:5      | Reached skill level 5 in Armour
  5203 | D:5      | Found a large runed door.
  5203 | D:5      | Found a large runed door.
  5207 | D:5      | Noticed Pepega's ghost (amateur DsGl)
  5216 | D:5      | Reached skill level 5 in Shields
  5374 | D:5      | Found a staircase to the Ecumenical Temple.
  5383 | Temple   | Entered the Ecumenical Temple
  5419 | Temple   | Became a worshipper of Trog the Wrathful
  6103 | D:6      | Reached skill level 11 in Axes
  7169 | D:7      | Noticed Joseph
  7180 | D:7      | Killed Joseph
  7180 | D:7      | Reached XP level 9. HP: 35/75 MP: 9/9
  7399 | D:7      | Reached skill level 12 in Axes
  7481 | D:7      | Found Beill's Gadget Shoppe.
  7493 | D:7      | Bought a wand of acid (3) for 182 gold pieces
  7493 | D:7      | Bought a wand of random effects (28) for 195 gold pieces
  7780 | D:7      | Noticed Menkaure
  7800 | D:7      | Killed Menkaure
  7990 | D:7      | Found a basalt altar of Yredelemnul.
  8675 | D:8      | Noticed Maurice
  8749 | D:8      | Killed Maurice
  8749 | D:8      | Reached skill level 13 in Axes
  9175 | D:8      | Noticed Pikel
  9191 | D:8      | Reached XP level 10. HP: 73/86 MP: 10/10
  9202 | D:8      | Killed Pikel
  9202 | D:8      | Reached * piety under Trog
  9480 | D:8      | Got a shimmering helmet
  9486 | D:8      | Identified the +0 helmet of Keukhle {+Fly rElec rF+ rC-
                  | Int+2} (You found it on level 8 of the Dungeon)
  9672 | D:8      | Noticed Gastronok
  9689 | D:8      | Killed Gastronok
  9689 | D:8      | Reached skill level 14 in Axes
 10241 | D:9      | Reached skill level 15 in Axes
 10291 | D:9      | Found a staircase to the Orcish Mines.
 10350 | D:9      | Reached skill level 1 in Throwing
 10681 | D:9      | Noticed Psyche
 10696 | D:9      | Killed Psyche
 10696 | D:9      | Reached XP level 11. HP: 83/95 MP: 11/11
 10790 | D:9      | Found a corrupted altar of Lugonu.
 10825 | D:9      | Reached ** piety under Trog
 10863 | D:9      | Found a transporter.
 10866 | D:9      | Noticed a red ugly thing
 10868 | D:9      | Noticed a brown ugly thing
 11077 | D:9      | Found a glowing silver altar of Zin.
 11077 | D:9      | Found a snail-covered altar of Cheibriados.
 11196 | D:10     | Entered Level 10 of the Dungeon
 11482 | D:10     | Reached skill level 16 in Axes
 11566 | D:10     | Reached *** piety under Trog
 11587 | D:10     | Found a staircase to the Lair.
 11696 | D:10     | Found Dafen's Distillery.
 11704 | D:10     | Bought a potion of agility for 44 gold pieces
 11704 | D:10     | Bought a potion of curing for 33 gold pieces
 11704 | D:10     | Bought a potion of heal wounds for 55 gold pieces
 11704 | D:10     | Bought a potion of brilliance for 44 gold pieces
 11704 | D:10     | Bought a potion of flight for 33 gold pieces
 11704 | D:10     | Bought a potion of curing for 33 gold pieces
 11829 | D:10     | Found Honiogan's Antique Armour Boutique.
 11940 | Lair:1   | Entered Level 1 of the Lair of Beasts
 11996 | Lair:1   | Identified the +5 whip of Growth {slash, rElec} (You found
                  | it on level 4 of the Dungeon)
 12251 | Lair:1   | Noticed a five-headed hydra
 12258 | Lair:1   | Killed a five-headed hydra
 12289 | Lair:1   | Noticed an eight-headed hydra
 12301 | Lair:1   | Killed an eight-headed hydra
 12304 | Lair:1   | Reached skill level 1 in Maces & Flails
 12429 | Lair:1   | Found a large runed door.
 12440 | Lair:1   | Found a large runed door.
 12449 | Lair:1   | Noticed LabCoat's ghost (journeyman HOFi)
 12896 | Lair:2   | Noticed a death yak
 12896 | Lair:2   | Noticed Dubanael's ghost (journeyman DEFE)
 13032 | Lair:2   | Found a runed gate.
 13032 | Lair:2   | Found a runed gate.
 13032 | Lair:2   | Found a runed gate.
 13042 | Lair:2   | Noticed an eight-headed hydra
 13056 | Lair:2   | Killed an eight-headed hydra
 13056 | Lair:2   | Reached XP level 12. HP: 105/105 MP: 12/12
 13079 | Lair:2   | HP: 4/105 [komodo dragon (8)]
 13080 | Lair:2   | HP: 1/105 [komodo dragon (3)]
 13086 | Lair:2   | HP: 4/105 [centaur/arrow (3)]
 13407 | Lair:2   | Found a staircase to the Shoals.
 14311 | Lair:2   | Reached skill level 5 in Maces & Flails
 14586 | Lair:3   | Reached **** piety under Trog
 15394 | Lair:3   | Reached skill level 10 in Shields
 15702 | Lair:3   | Reached skill level 10 in Fighting
 15899 | Lair:3   | Reached XP level 13. HP: 84/113 MP: 13/13
 16114 | Lair:3   | Reached skill level 10 in Armour
 16546 | Lair:4   | Found a hole to the Spider Nest.
 16968 | Lair:4   | Reached ***** piety under Trog
 17258 | Lair:4   | Gained mutation: You are weak. (Str -2) [potion of
                  | mutation]
 17258 | Lair:4   | Gained mutation: You are frail. (-10% HP) [potion of
                  | mutation]
 17258 | Lair:4   | Gained mutation: You possess an exceptional clarity of
                  | mind. [potion of mutation]
 17258 | Lair:4   | Gained mutation: You can translocate small distances at
                  | will. [potion of mutation]
 17435 | Lair:5   | Got a dazzling hand crossbow
 17443 | Lair:5   | Received a gift from Trog
 17749 | Lair:5   | Identified the +9 hand crossbow "Geden" {elec, rElec} (You
                  | found it on level 5 of the Lair of Beasts)
 17997 | Lair:5   | Found a staircase to the Slime Pits.
 18336 | Lair:6   | Entered Level 6 of the Lair of Beasts
 19274 | Lair:5   | Reached skill level 10 in Maces & Flails
 19840 | Lair:5   | Reached XP level 14. HP: 98/109 MP: 14/14
 19860 | Lair:6   | Received a gift from Trog
 20152 | Lair:5   | Reached skill level 1 in Evocations
 20648 | Lair:6   | Found a shattered altar of Ashenzari.
 20958 | Lair:6   | Killed from afar by a lava snake

Skill      XL: |  1  2  3  4  5  6  7  8  9 10 11 12 13 14 |
---------------+-------------------------------------------+-----
Axes           | 3 4 5 6 7 9 11 13 15 16 | 16.9
Fighting       | 4 5 6 7 8 9 10 11 | 11.1
Armour         | 4 5 6 7 8 9 11 | 11.3
Shields        | 4 5 6 7 8 10 11 12 | 12.2
Throwing       | 1 3 |  3.2
Maces & Flails | 2 7 10 11 | 11.2
Evocations     | 2 |  2.4

Action                   |  1- 3 |  4- 6 |  7- 9 | 10-12 | 13-15 || total
-------------------------+-------+-------+-------+-------+-------++-------
Melee: War axe           |   107 |   202 |   412 |   350 |       ||  1071
       Unarmed           |       |       |    12 |       |       ||    12
       Whip              |       |       |       |   419 |   648 ||  1067
Throw: Throwing net      |       |       |     5 |       |       ||     5
       Tomahawk          |       |       |     1 |    22 |    57 ||    80
       Javelin           |       |       |       |       |     1 ||     1
Invok: Berserk           |       |       |       |    11 |    11 ||    22
       Trog's Hand       |       |       |       |     4 |     1 ||     5
       Brothers in Arms  |       |       |       |       |     1 ||     1
 Abil: Blink             |       |       |       |       |     1 ||     1
Evoke: Wand              |       |       |     1 |     4 |       ||     5
  Use: Scroll            |     3 |     3 |    12 |    12 |     5 ||    35
       Potion            |       |     1 |    10 |     8 |     4 ||    23
  Eat: Chunk             |     1 |     3 |    10 |    13 |    10 ||    37
       Ration            |       |     1 |     3 |     6 |     5 ||    15
Armor: Scale mail        |    64 |    44 |       |       |       ||   108
       Chain mail        |       |   101 |   145 |    65 |       ||   311
       Plate armour      |       |       |       |   333 |   347 ||   680
Dodge: Dodged            |    48 |    71 |    70 |   141 |   137 ||   467
Block: Shield            |    60 |   151 |   194 |   466 |   502 ||  1373
       Reflection        |       |       |       |    19 |     1 ||    20
